 Dungeon Crawl Stone Soup version 0.17.1-3-g152610e (webtiles) character file.

637 Yevrel the Skirmisher (level 7, -3/61 HPs)
             Began as a Minotaur Fighter on Apr 4, 2016.
             Was a Follower of Okawaru.
             Killed by divine providence
             ... invoked by an orc priest
              (13 damage)
             ... on level 5 of the Dungeon.
             The game lasted 00:08:43 (2867 turns).

Yevrel the Skirmisher (Minotaur Fighter)            Turns: 2867, Time: 00:08:43

Health: -3/61      AC:  7    Str: 23    XL:     7   Next: 25%
Magic:  6/6        EV:  9    Int:  5    God:    Okawaru [*.....]
Gold:   218        SH: 10    Dex:  9    Spells: 0 memorised, 6 levels left

rFire  . . .     SeeInvis .     a - +0 war axe
rCold  . . .     Clarity  .     b - +0 scale mail
rNeg   . . .     SustAt   .     c - +0 shield
rPois  .         Gourm    .     (helmet restricted)
rElec  .         Spirit   .     (no cloak)
rCorr  .         Warding  .     (no gloves)
rMut   .         Stasis   .     (no boots)
MR     .....                    (no amulet)
Stlth  ..........               (no ring)
                                (no ring)

@: starving, not resistant to hostile enchantments, extremely unstealthy
A: retaliatory headbutt, horns 2
a: Heroism, Renounce Religion


You were on level 5 of the Dungeon.
You worshipped Okawaru.
Okawaru was aware of your devotion.
You were starving.

You visited 2 branches of the dungeon, and saw 5 of its levels.

You collected 218 gold pieces.

Inventory:

Hand Weapons
 a - a +0 war axe (weapon)
 e - a +0 long sword of slicing
 n - a +0 hunting sling
 v - a +0 vampiric dagger
 w - a +0 shortbow
Missiles
 l - 14 tomahawks (quivered)
 m - 2 throwing nets
 o - 45 sling bullets
 x - 25 arrows
Armour
 b - a +0 scale mail (worn)
 c - a +0 shield (worn)
Jewellery
 y - an uncursed ring of wizardry {unknown}
Scrolls
 g - a scroll of teleportation {unknown}
 h - a scroll of recharging {unknown}
 i - a scroll of amnesia {unknown}
 j - a scroll of remove curse {unknown}
 q - 4 scrolls of identify {unknown}
Potions
 d - a potion of might
 p - a potion of flight {unknown}
 r - 3 potions of resistance {unknown}
 s - a potion of agility {unknown}
Books
 u - a book of Transfigurations

   Spells                             Type                      Level
   a - Stoneskin                      Transmutation/Earth          2
   b - Irradiate                      Conjuration/Transmutation    5
   c - Statue Form                    Transmutation/Earth          6
   d - Hydra Form                     Transmutation                6
   e - Dragon Form                    Transmutation                7
Comestibles
 f - a meat ration
 k - a royal jelly
 t - 2 bread rations


   Skills:
 + Level 5.5 Fighting
 + Level 4.7 Axes
 + Level 0.4 Throwing
 + Level 5.4 Armour
 + Level 3.6 Dodging
 + Level 0.1 Stealth
 + Level 5.5 Shields


You had 6 spell levels left.
You didn't know any spells.

Dungeon Overview and Level Annotations

Branches:
Dungeon (5/15)             Temple (1/1) D:4

Altars:
Cheibriados
Dithmenos
Elyvilon
Fedhas
Gozag
Kikubaaqudgha
Nemelex Xobeh
Okawaru
Qazlal
Ru
Vehumet
Xom
Yredelemnul


Innate Abilities, Weirdness & Mutations

You reflexively headbutt those who attack you in melee.
You have a pair of horns on your head.


Message History

The orc priest is lightly wounded.
You block the orc priest's attack.
You hit the orc priest but do no damage.
The orc priest is lightly wounded.
The orc priest hits you with a club.
* * * LOW HITPOINT WARNING * * *
The orc priest calls down the wrath of Beogh upon you.
You struggle to resist.
Your shield prevents you from hitting the orc priest.
The orc priest is lightly wounded.
You block the orc priest's attack.
You hit the orc priest but do no damage.
The orc priest is lightly wounded.
The orc priest closely misses you. You furiously retaliate!
You headbutt the orc priest, but do no damage.
You hit the orc priest.
The orc priest is moderately wounded.
The orc priest invokes the aid of Beogh against you.
Something smites you!
You die...

######### #.......#
#.#####.#
####.#####)########
####...........o@....#
........##.##.#.####.#
####.##.## ##.#.#
#.##... .(#.#
#.#####.####.# #.# #
#.# #.# #.# #.# #.# .#


You could see an orc priest.

Vanquished Creatures
  The ghost of Shenda the Shield-Bearer, an amateur FoFi (D:4)
  A centaur (D:5)
  A giant frog zombie (D:5)
  2 hounds (D:4)
  A centaur skeleton (D:4)
  A worker ant (D:5)
  3 orc wizards (D:5)
  Robin (D:4)
  2 adders
  5 gnolls
  A worm (D:2)
  4 orcs (D:5)
  A giant cockroach (D:2)
  13 goblins
  10 hobgoblins
  4 jackals (D:2)
  2 kobolds
  5 bats
  A giant gecko (D:1)
  7 giant newts
  14 rats
80 creatures vanquished.

Notes
Turn   | Place    | Note
--------------------------------------------------------------
     0 | D:1      | Yevrel the Minotaur Fighter began the quest for the Orb.
     0 | D:1      | Reached XP level 1. HP: 19/19 MP: 0/0
    93 | D:1      | Reached skill level 4 in Armour
    93 | D:1      | Reached XP level 2. HP: 20/27 MP: 1/1
   425 | D:1      | Reached XP level 3. HP: 33/33 MP: 2/2
   798 | D:2      | Reached XP level 4. HP: 20/40 MP: 3/3
  1228 | D:2      | Reached skill level 1 in Dodging
  1235 | D:2      | You fall through a shaft for 2 floors!
  1350 | D:4      | Found a staircase to the Ecumenical Temple.
  1357 | Temple   | Entered the Ecumenical Temple
  1480 | Temple   | Became a worshipper of Warmaster Okawaru
  1628 | D:4      | Noticed Robin
  1639 | D:4      | Killed Robin
  1639 | D:4      | Reached XP level 5. HP: 37/46 MP: 4/4
  1724 | D:4      | Noticed Shenda's ghost (amateur FoFi)
  1744 | D:4      | Killed Shenda's ghost
  1744 | D:4      | Reached * piety under Okawaru
  1744 | D:4      | Reached skill level 5 in Fighting
  1744 | D:4      | Reached skill level 5 in Armour
  1744 | D:4      | Reached skill level 5 in Shields
  1744 | D:4      | Reached XP level 6. HP: 11/56 MP: 5/5
  2474 | D:5      | Entered Level 5 of the Dungeon
  2615 | D:5      | Reached XP level 7. HP: 54/61 MP: 6/6
  2627 | D:5      | Found a radiant altar of Vehumet.
  2867 | D:5      | Killed from afar by an orc priest

Action                   |  1- 3 |  4- 6 |  7- 9 || total
-------------------------+-------+-------+-------++-------
Melee: War axe           |    89 |   112 |    28 ||   229
Throw: Tomahawk          |       |     1 |       ||     1
  Eat: Bread ration      |       |     1 |       ||     1
